 Dungeon Crawl Stone Soup version 0.27-a0-1280-g9d2d252d84 (webtiles) character file.

Game seed: 13605333627037348216

1277 BlueGoblin the Shield-Bearer (level 8, -2/109 HPs)
             Began as a Gnoll Fighter on June 13, 2021.
             Slain by an ancient zyme (4 damage)
             ... on level 1 of the Abyss.
             The game lasted 00:15:35 (6615 turns).

BlueGoblin the Shield-Bearer (Gnoll Fighter)        Turns: 6615, Time: 00:15:35

Health: -2/109     AC: 13    Str: 17    XL:     8   Next: 54%
Magic:  13/13      EV:  7    Int:  8    God:
Gold:   270        SH: 10    Dex: 12    Spells: 13/13 levels left

rFire    . . .     SeeInvis .   a - +0 long sword
rCold    . . .     Faith    .   c - +0 kite shield
rNeg     . . .     Spirit   .   e - +1 chain mail
rPois    .         Reflect  .   i - +2 hat
rElec    .         Harm     .   (no cloak)
rCorr    .         Rampage  .   (no gloves)
Will     .....                  (no boots)
Stlth    ..........             (no amulet)
HPRegen  0.00/turn              (no ring)
MPRegen  0.13/turn              (no ring)

@: berserking, diseased, very quick
A: fangs 1, strong nose, distributed training, robust 1, evolution 1
a: no special abilities


You were on level 1 of the Abyss.
You visited 1 branch of the dungeon, and saw 6 of its levels.
You visited the Abyss 1 time.
You also visited: Sewer.

You collected 294 gold pieces.
You spent 24 gold pieces at shops.

Inventory:

Hand Weapons
 a - a +0 long sword (weapon)
 h - a +2 short sword of venom
 r - a +0 whip of electrocution
 u - a +1 dagger of electrocution
Missiles
 l - 2 atropa-tipped darts
 p - 2 throwing nets (quivered)
 q - 5 curare-tipped darts
Armour
 b - a +0 scale mail
 c - a +0 kite shield (worn)
 e - a +1 chain mail (worn)
 i - a +2 hat (worn)
Jewellery
 j - a ring of ice
 t - a ring of magical power
Wands
 m - a wand of iceblast (4)
Scrolls
 g - 2 scrolls of teleportation
 v - a scroll of amnesia
 x - a scroll of fear
Potions
 d - a potion of might
 f - 3 potions of lignification
 k - a potion of berserk rage
 o - 3 potions of flight
 s - 2 potions of curing
 w - a potion of attraction {unknown}


   Skills:
 + Level 7.4 Fighting
 + Level 3.3 Short Blades
 + Level 5.7 Long Blades
 + Level 3.3 Axes
 + Level 3.3 Maces & Flails
 + Level 3.3 Polearms
 + Level 3.3 Staves
 + Level 3.3 Slings
 + Level 3.3 Bows
 + Level 3.3 Crossbows
 + Level 3.3 Throwing
 + Level 7.4 Armour
 + Level 3.3 Dodging
 + Level 3.3 Stealth
 + Level 7.4 Shields
 + Level 3.3 Unarmed Combat
 + Level 3.3 Spellcasting
 + Level 2.7 Conjurations
 + Level 2.7 Hexes
 + Level 2.7 Summonings
 + Level 2.7 Necromancy
 + Level 2.7 Translocations
 + Level 2.7 Transmutations
 + Level 2.7 Fire Magic
 + Level 2.7 Ice Magic
 + Level 2.7 Air Magic
 + Level 2.7 Earth Magic
 + Level 2.7 Poison Magic
 + Level 3.7 Invocations
 + Level 3.3 Evocations


You had 13 spell levels left.
You didn't know any spells.
Your spell library contained the following spells:

 Spells                   Type           Power      Damage    Failure   Level
 Beastly Appendage        Tmut           10%        N/A       97%         1
 Wereblood                Tmut           5%         N/A       99%         2
 Spider Form              Tmut/Pois      2%         N/A       100%        3
 Ice Form                 Ice/Tmut       5%         N/A       100%        4


Dungeon Overview and Level Annotations

Branches:
Dungeon (6/15)              Sewer (visited)
 Temple: D:4-7

Altars:
Nemelex Xobeh

Shops:
D:2 ?


Innate Abilities, Weirdness & Mutations

You have very sharp teeth.
Your uncanny sense of smell can sniff out nearby items.
Your experience applies equally to all skills.
You are robust. (+10% HP)
You evolve.


Message History

The ancient zyme hits you but does no damage.
You hit the ancient zyme but do no damage.
You bite the ancient zyme, but do no damage.
The ancient zyme is moderately damaged.
The ancient zyme hits you! x2
You hit the ancient zyme but do no damage.
The ancient zyme is moderately damaged.
The ancient zyme hits you! The ancient zyme hits you.
* * * LOW HITPOINT WARNING * * *
Sorry, you're not good enough to have a special ability.
A red film seems to cover your vision as you go berserk!
You feel yourself moving faster!
You feel mighty! The ancient zyme hits you.
* * * LOW HITPOINT WARNING * * *
The ancient zyme hits you!
* * * LOW HITPOINT WARNING * * *
You hit the ancient zyme but do no damage.
The ancient zyme is lightly damaged.
You block the ancient zyme's attack.
The ancient zyme hits you but does no damage.
You slash the ancient zyme!
The ancient zyme is moderately damaged.
The ancient zyme hits you!
* * * LOW HITPOINT WARNING * * *
You block the ancient zyme's attack.
You feel ill.
You barely miss the ancient zyme.
The ancient zyme is moderately damaged.
You block the ancient zyme's attack. The ancient zyme hits you.
* * * LOW HITPOINT WARNING * * *
You are too berserk!
You slash the ancient zyme!
The ancient zyme is heavily damaged.
You barely miss the ancient zyme.
The ancient zyme is heavily damaged.
The ancient zyme barely misses you.
You riposte.
You hit the ancient zyme.
The ancient zyme is severely damaged.
You block the ancient zyme's attack.
You hit the ancient zyme. You bite the ancient zyme!
The ancient zyme is almost destroyed.
The ancient zyme hits you.
You die...

. .# #.# #.. ### ..
## . # ##. ..#
##.##.##§.# ##
..#..@..#. # ..
..#.#.x.##..## .. #
...#.#....##.. #
#####§.. .#.# . .#..
..#.#
......#...#...#..##..
.# #...#. # .##.#.. #
...#..# ..# .. ## ...
#########..#.


You could see an ancient zyme.

Vanquished Creatures
  2 ice beasts (D:5)
  3 ogres
  A necrophage (D:5)
  A kobold brigand (Sewer)
  2 scorpions (D:5)
  A wyvern skeleton (D:5)
  A howler monkey (D:5)
  A jelly (D:3)
  A hound (D:5)
  An orc priest (D:4)
  A centaur skeleton (D:5)
  3 iguanas
  An orc wizard (D:6)
  Robin (D:2)
  9 adders
  3 gnolls (D:2)
  A river rat (Sewer)
  An ufetubus (D:4)
  2 worms
  3 dart slugs
  6 orcs
  2 bats
  4 endoplasms
  8 goblins
  5 hobgoblins
  4 jackals
  4 quokkas
  5 ball pythons
  5 frilled lizards
  16 kobolds
  28 rats
126 creatures vanquished.

Notes
Turn   | Place    | Note
-------+----------+-------------------------------------------
     0 | D:1      | BlueGoblin the Gnoll Fighter began the quest for the Orb.
     0 | D:1      | Reached XP level 1. HP: 23/23 MP: 1/1
   243 | D:1      | Reached XP level 2. HP: 28/29 MP: 2/2
   922 | D:2      | Noticed Robin
   931 | D:2      | Killed Robin
   932 | D:2      | Reached XP level 3. HP: 5/35 MP: 2/4
  1223 | D:2      | Reached skill level 1 in Invocations
  1411 | D:2      | Reached skill level 1 in Short Blades
  1411 | D:2      | Reached skill level 1 in Axes
  1411 | D:2      | Reached skill level 1 in Maces & Flails
  1411 | D:2      | Reached skill level 1 in Polearms
  1411 | D:2      | Reached skill level 1 in Staves
  1411 | D:2      | Reached skill level 1 in Slings
  1411 | D:2      | Reached skill level 1 in Bows
  1411 | D:2      | Reached skill level 1 in Crossbows
  1411 | D:2      | Reached skill level 1 in Throwing
  1411 | D:2      | Reached skill level 1 in Dodging
  1411 | D:2      | Reached skill level 1 in Stealth
  1411 | D:2      | Reached skill level 1 in Unarmed Combat
  1411 | D:2      | Reached skill level 1 in Spellcasting
  1411 | D:2      | Reached skill level 1 in Evocations
  1456 | D:2      | Reached XP level 4. HP: 29/41 MP: 5/5
  1669 | D:2      | Reached skill level 1 in Conjurations
  1669 | D:2      | Reached skill level 1 in Hexes
  1669 | D:2      | Reached skill level 1 in Summonings
  1669 | D:2      | Reached skill level 1 in Necromancy
  1669 | D:2      | Reached skill level 1 in Translocations
  1669 | D:2      | Reached skill level 1 in Transmutations
  1669 | D:2      | Reached skill level 1 in Fire Magic
  1669 | D:2      | Reached skill level 1 in Ice Magic
  1669 | D:2      | Reached skill level 1 in Air Magic
  1669 | D:2      | Reached skill level 1 in Earth Magic
  1669 | D:2      | Reached skill level 1 in Poison Magic
  1971 | D:2      | Found Zoirgh Hinki's Magic Scroll Boutique.
  1979 | D:2      | Bought a scroll of identify for 24 gold pieces
  2251 | D:3      | Reached XP level 5. HP: 43/47 MP: 6/6
  2502 | D:3      | Noticed an ogre
  2507 | D:3      | Killed an ogre
  2657 | D:3      | Found a glowing drain.
  2679 | Sewer    | Entered a sewer
  2768 | Sewer    | Reached XP level 6. HP: 53/53 MP: 8/8
  2800 | Sewer    | Reached skill level 5 in Long Blades
  2877 | Sewer    | Found a white marble altar of Elyvilon.
  3181 | D:3      | Found a faded altar of an unknown god.
  3196 | D:3      | Found a faded altar of an unknown god.
  3558 | D:3      | Reached XP level 7. HP: 30/59 MP: 10/10
  4732 | D:4      | Found a sparkling altar of Nemelex Xobeh.
  4958 | D:5      | Entered Level 5 of the Dungeon
  4964 | D:5      | Gained mutation: You evolve. [potion of mutation]
  4964 | D:5      | Gained mutation: You are robust. (+10% HP) [potion of
                  | mutation]
  5300 | D:5      | Reached XP level 8. HP: 67/73 MP: 12/12
  6425 | D:6      | Cast into level 1 of the Abyss (orc wizard)
  6598 | Abyss:1  | Noticed an ancient zyme
  6612 | Abyss:1  | HP: 2/109 [ancient zyme (4)]
  6615 | Abyss:1  | Slain by an ancient zyme

Illustrated notes

Levels and vault maps discovered:
D:1:      sevenhm_arrival_forest_fort_small_4, layout_loops_ring,
          grunt_decor_mini_mirrors, minmay_quantized
D:2:      layout_loops_ring, serial_shops, nicolae_shop_crystal,
          kennysheep_generic_room_14, uniq_robin
D:3:      layout_loops_ring, portal_sewer_entry_a,
          hellmonk_ecumenical_altar_the_god_not_taken, minmay_rat_hole
D:4:      layout_basic, nemelex_diamond_rough_becter, minmay_fountain_box
D:5:      layout_rooms
D:6:      layout_basic, minmay_statues_item
Abyss:1:  base:
D:2

Skill      XL: |  1  2  3  4  5  6  7  8 |
---------------+-------------------------+-----
Invocations    | 1 2 3 |  3.7
Short Blades   | 1 2 3 |  3.3
Axes           | 1 2 3 |  3.3
Maces & Flails | 1 2 3 |  3.3
Polearms       | 1 2 3 |  3.3
Staves         | 1 2 3 |  3.3
Slings         | 1 2 3 |  3.3
Bows           | 1 2 3 |  3.3
Crossbows      | 1 2 3 |  3.3
Throwing       | 1 2 3 |  3.3
Dodging        | 1 2 3 |  3.3
Stealth        | 1 2 3 |  3.3
Unarmed Combat | 1 2 3 |  3.3
Spellcasting   | 1 2 3 |  3.3
Evocations     | 1 2 3 |  3.3
Conjurations   | 1 2 |  2.7
Hexes          | 1 2 |  2.7
Summonings     | 1 2 |  2.7
Necromancy     | 1 2 |  2.7
Translocations | 1 2 |  2.7
Transmutations | 1 2 |  2.7
Fire Magic     | 1 2 |  2.7
Ice Magic      | 1 2 |  2.7
Air Magic      | 1 2 |  2.7
Earth Magic    | 1 2 |  2.7
Poison Magic   | 1 2 |  2.7
Long Blades    | 5 |  5.7
Fighting       | 7 |  7.4
Armour         | 7 |  7.4
Shields        | 7 |  7.4

Action                   |  1- 3 |  4- 6 |  7- 9 || total
-------------------------+-------+-------+-------++-------
Melee: Long sword        |   118 |   172 |   201 ||   491
       Bite              |    14 |    15 |    19 ||    48
  Use: Scroll            |       |     6 |     8 ||    14
       Potion            |       |     1 |     4 ||     5
Armor: Scale mail        |    44 |    71 |    26 ||   141
       Chain mail        |       |       |    63 ||    63
Dodge: Dodged            |    34 |    55 |    53 ||   142
Block: Kite shield       |    73 |    98 |   112 ||   283
       Rpst.: Long sword |     7 |    21 |    14 ||    42

Table legend: (Time is in decaauts)
 A = Elapsed time spent in this place.
 B = Non-inter-level travel time spent in this place.
 C = Inter-level travel time spent in this place.
 D = Time resting spent in this place.
 E = Time spent auto-exploring this place.
 F = Levels seen in this place.
 G = Mean time per level.
                   A        B        C        D        E       F      G
               +--------+--------+--------+--------+--------+-----+--------+
         Total |   6798 |   6675 |    123 |   2183 |   2894 |   8 |  849.8 |
       Dungeon |   6323 |   6200 |    123 |   1993 |   2804 |   6 | 1053.8 |
         Abyss |    191 |    191 |      0 |    114 |      0 |   1 |  191.0 |
         Sewer |    284 |    284 |      0 |     76 |     89 |   1 |  284.0 |
               +--------+--------+--------+--------+--------+-----+--------+

Top non-repeatable levels by time:
     D:2: 1520 daAuts
     D:5: 1373 daAuts
     D:3: 1351 daAuts
     D:4: 1170 daAuts
     D:1: 771 daAuts
   Sewer: 284 daAuts
 Abyss:1: 191 daAuts
     D:6: 136 daAuts
